 Dungeon Crawl Stone Soup version 0.28.0-47-ge53b351184 (webtiles) character file.

Game seed: 10849701621365667375

6843 Peloso the Protected (level 10, -1/90 HPs)
             Began as a Minotaur Fighter on Apr 29, 2022.
             Slain by a steam dragon (8 damage)
             ... on level 8 of the Dungeon.
             The game lasted 00:25:25 (11619 turns).

Peloso the Protected (Minotaur Fighter)            Turns: 11619, Time: 00:25:25

Health: -1/90      AC: 15    Str: 28    XL:     10   Next: 78%
Magic:  9/9        EV:  7    Int:  5    God:
Gold:   66         SH: 10    Dex: 13    Spells: 9/9 levels left

rFire   + . .      SeeInvis .   a - +0 falchion (holy)
rCold   + . .      Faith    .   e - +0 kite shield
rNeg    . . .      Spirit   .   o - +0 plate armour
rPois   .          Reflect  .   (helmet restricted)
rElec   .          Harm     .   f - scarf {rC+ rF+}
rCorr   .          Rampage  .   (no gloves)
Will    .....                   (no boots)
Stlth   ..........              (no amulet)
HPRegen 0.25/turn               q - +6 ring of strength
MPRegen 0.11/turn               (no ring)

@: no status effects
A: horns 2, retaliatory headbutt
a: no special abilities


You were on level 8 of the Dungeon.
You visited 2 branches of the dungeon, and saw 9 of its levels.
You also visited: Sewer and Bailey.

You collected 227 gold pieces.
You spent 161 gold pieces at shops.

Inventory:

Hand Weapons
 a - a +0 falchion of holy wrath (weapon)
 b - a +0 spear of flaming
 r - the +8 scythe of World Downfall {freeze, rElec Str+3}
   (You found it in a bailey)

   It freezes those it strikes, dealing additional cold damage.
   It can also slow down cold-blooded creatures.
   Str:       It affects your strength (+3).
   rElec:     It insulates you from electricity.
Missiles
 C - 4 throwing nets (quivered)
Armour
 c - a +0 buckler
 e - a +0 kite shield (worn)
 f - a scarf of resistance (worn)
 m - +0 swamp dragon scales
 o - a +0 plate armour (worn)
Jewellery
 q - a +6 ring of strength (left hand)
Wands
 l - a wand of flame (8)
 y - a wand of iceblast (6)
 D - a wand of digging (6)
Scrolls
 g - 3 scrolls of brand weapon
 i - 3 scrolls of amnesia
 n - 3 scrolls of vulnerability {unknown}
 p - 6 scrolls of teleportation {unknown}
 s - a scroll of magic mapping
 t - a scroll of fog {unknown}
 u - a scroll of fear {unknown}
 B - 3 scrolls of enchant armour
Potions
 d - a potion of might
 h - a potion of flight
 j - a potion of magic
 k - a potion of invisibility
 v - 2 potions of brilliance
 w - a potion of degeneration
 x - 3 potions of mutation
 z - a potion of curing


   Skills:
 + Level 8.7 Fighting
 + Level 11.1 Long Blades
 + Level 0.1 Throwing
 + Level 12.9 Armour
 + Level 1.8 Dodging
 + Level 0.8 Stealth
 + Level 7.7 Shields
 + Level 1.2 Evocations


You had 9 spell levels left.
You didn't know any spells.
Your spell library was empty.

Dungeon Overview and Level Annotations

Branches:
Dungeon (8/15)             Temple (1/1) D:6           Sewer (visited)
 Bailey (visited)
   Lair: D:8-11

Altars:
Ashenzari
Cheibriados
Dithmenos
Elyvilon
Fedhas
Gozag
Hepliaklqana
Kikubaaqudgha
Makhleb
Nemelex Xobeh
Qazlal
Ru
Sif Muna
Trog
Vehumet
Wu Jian
Xom
Yredelemnul
Zin
The Shining One

Shops:
D:2 *   D:6 **

Annotations:
D:6 1 runed translucent door, Zippel's ghost, novice DgFi
D:8 Pikel


Innate Abilities, Weirdness & Mutations

You have a pair of horns on your head.
You reflexively headbutt those who attack you in melee.


Message History

You block the lemure's attack. Pikel hits you but does no damage.
A lemure comes into view.
You block the lemure's attack.
You closely miss Pikel.
The lemure shouts!
You headbutt Pikel!
Pikel is almost dead.
You block the lemure's attack.
Pikel hits you with a +1 whip of electrocution.
You are electrocuted!
You block the lemure's attack.
You closely miss Pikel.
Pikel is almost dead.
The lemure hits you!
* * * LOW HITPOINT WARNING * * *
Pikel hits you with a +1 whip of electrocution.
* * * LOW HITPOINT WARNING * * *
You block the lemure's attack.
You hit Pikel but do no damage. You headbutt Pikel.
Pikel is almost dead.
The lemure hits you but does no damage.
Pikel hits you with a +1 whip of electrocution!
* * * LOW HITPOINT WARNING * * *
Unknown command.
You barely miss Pikel. Your headbutt misses Pikel.
Pikel is almost dead.
The lemure hits you but does no damage. You block the lemure's attack.
Pikel hits you with a +1 whip of electrocution.
* * * LOW HITPOINT WARNING * * *
Unknown command.
It was a potion of curing.
You feel better. You block the lemure's attack. x2
Pikel hits you but does no damage.
You are electrocuted!
* * * LOW HITPOINT WARNING * * *
Okay, then.
Blink to where?
Press: ? - help, Dir - move target
As you read the scroll of blinking, it crumbles to dust.
A steam dragon comes into view.
The steam dragon hisses angrily.
The steam dragon bites you!
You die...

..##...##### .....# #
............ .....#
### 5....# ....
......##.. †5...# #..#
.. #....# .....###..#
... ##..##
.....##...## ...#
##.## ...........###
...# ##..#
........K5...#####...#
#...#
####.....###....@D...#
###...# #....##
###........###.....##
#...##
#..##.....#.......# #
#... #..##
#.........#..## ..
#..# #..#
#.......##.... #.....
..## #.<....##....
#... #.. #.........###
#... ..# #........##
#......###


You could see a steam dragon and a lemure.

Vanquished Creatures
  Harold (D:8)
  A two-headed ogre (Bailey)
  Maurice (D:8)
  Maggie (D:6)
  A hornet (D:7)
  Grinder (D:6)
  Prince Ribbit (D:7)
  5 spriggans (Bailey)
  Menkaure (D:7)
  2 water moccasins
  An acid dragon (Bailey)
  Duvessa (D:7)
  An ice beast (D:8)
  An orc warrior (D:7)
  2 black bears
  8 ogres
  2 centaurs
  A lemure (D:8)
  2 phantoms (D:7)
  9 kobold brigands
  2 wyvern zombies
  A gnoll sergeant (D:8)
  A water moccasin zombie (D:6)
  Dowan (D:7)
  A howler monkey (D:5)
  2 centaur zombies
  3 bullfrog zombies
  A jelly (D:8)
  4 orc priests
  A hound (D:7)
  2 centaur skeletons (D:5)
  Crazy Yiuf (D:6)
  Jessica (D:3)
  4 orc wizards
  2 killer bee zombies (D:6)
  2 howler monkey zombies
  3 adders
  10 gnolls
  2 river rats (Sewer)
  A white imp (D:6)
  An ufetubus (D:5)
  4 worms
  A dart slug (D:1)
  12 orcs
  7 endoplasms
  5 giant cockroaches
  9 goblins
  3 hobgoblins
  3 jackals (D:5)
  16 kobolds
  3 quokkas (D:1)
  6 ball pythons
  10 bats
  6 frilled lizards
  12 rats
  A spectral goblin (D:1)
187 creatures vanquished.

Notes
Turn   | Place    | Note
-------+----------+-------------------------------------------
     0 | D:1      | Peloso the Minotaur Fighter began the quest for the Orb.
     0 | D:1      | Reached XP level 1. HP: 19/19 MP: 0/0
    62 | D:1      | Found a faded altar of an unknown god.
   270 | D:1      | Reached XP level 2. HP: 23/27 MP: 1/1
   361 | D:1      | Reached skill level 4 in Armour
   874 | D:1      | Reached XP level 3. HP: 33/33 MP: 2/2
  1401 | D:2      | Found Zimpacw's General Store.
  1414 | D:2      | Bought a scroll of identify for 28 gold pieces
  1882 | D:3      | Found a radiant altar of Vehumet.
  1892 | D:3      | Reached XP level 4. HP: 38/40 MP: 3/3
  1893 | D:3      | Reached skill level 1 in Dodging
  2084 | D:3      | Found a white marble altar of Elyvilon.
  2099 | D:3      | Found a sparkling altar of Nemelex Xobeh.
  2392 | D:3      | Noticed Jessica
  2406 | D:3      | Killed Jessica
  2407 | D:3      | Reached skill level 5 in Armour
  2853 | D:4      | Reached XP level 5. HP: 14/46 MP: 4/4
  3081 | D:4      | Noticed an ogre
  3249 | D:5      | Entered Level 5 of the Dungeon
  3345 | D:5      | Reached skill level 5 in Fighting
  3345 | D:5      | HP: 2/48 [orc/+0 short sword (2)]
  3398 | D:5      | Reached XP level 6. HP: 9/56 MP: 5/5
  3761 | D:5      | Reached skill level 6 in Armour
  3860 | D:5      | Reached skill level 5 in Shields
  4246 | D:6      | Noticed Grinder
  4264 | D:6      | Killed Grinder
  4265 | D:6      | Reached skill level 5 in Long Blades
  4265 | D:6      | Reached XP level 7. HP: 18/62 MP: 6/6
  4277 | D:6      | Found a staircase to the Ecumenical Temple.
  4294 | D:6      | Found Luunock's Profane Products.
  4384 | D:6      | Found a glowing drain.
  4403 | Sewer    | Entered a sewer
  4646 | Sewer    | Reached skill level 7 in Armour
  4998 | Sewer    | Reached XP level 8. HP: 57/70 MP: 7/7
  5849 | D:6      | Noticed Maggie
  5867 | D:6      | Killed Maggie
  5868 | D:6      | Reached skill level 8 in Armour
  6036 | D:6      | Found Veuconuj's General Store.
  6040 | D:6      | Found Bijiap's Specific Store.
  6045 | D:6      | Bought a potion of mutation for 88 gold pieces
  6049 | D:6      | Bought a scroll of magic mapping for 45 gold pieces
  6247 | D:6      | Found a runed translucent door.
  6248 | D:6      | Noticed Crazy Yiuf
  6299 | D:6      | Found a basalt altar of Yredelemnul.
  6409 | D:6      | Reached skill level 9 in Armour
  6409 | D:6      | Reached XP level 9. HP: 65/78 MP: 8/8
  6533 | D:6      | Found a runed translucent door.
  6535 | D:6      | Noticed Zippel's ghost (novice DgFi)
  6605 | D:7      | Noticed Prince Ribbit
  6613 | D:7      | Killed Prince Ribbit
  6751 | D:7      | Found a flagged portal.
  6773 | Bailey   | Entered a bailey
  7043 | Bailey   | Reached skill level 10 in Armour
  7161 | Bailey   | Reached skill level 11 in Armour
  7253 | Bailey   | Noticed a two-headed ogre
  7273 | Bailey   | Killed a two-headed ogre
  7274 | Bailey   | Reached skill level 10 in Long Blades
  7274 | Bailey   | Reached skill level 1 in Evocations
  7274 | Bailey   | Reached XP level 10. HP: 25/86 MP: 9/9
  8073 | Bailey   | Identified the +8 scythe of World Downfall {freeze, rElec
                  | Str+3}
  8183 | Temple   | Entered the Ecumenical Temple
  8772 | D:7      | Noticed Dowan
  8789 | D:7      | Killed Dowan
  8803 | D:7      | Noticed Duvessa
  8814 | D:7      | Killed Duvessa
  9149 | D:6      | Killed Crazy Yiuf
  9442 | D:7      | Noticed Menkaure
  9449 | D:7      | Killed Menkaure
  9450 | D:7      | Reached skill level 12 in Armour
  9905 | D:7      | Paralysed by a hornet for 3 turns
 10563 | D:8      | Noticed Harold
 10581 | D:8      | Killed Harold
 11407 | D:8      | Noticed Maurice
 11450 | D:8      | Killed Maurice
 11540 | D:8      | Identified the +2 leather armour "Vabbupn" {Str+4}
 11584 | D:8      | Noticed Pikel
 11619 | D:8      | Slain by a steam dragon

Illustrated notes

Levels and vault maps discovered:
D:1:      matt_arrival_diagonals, layout_basic,
          dreamdust_ecumenical_altar_drowned_temple
D:2:      layout_basic, serial_shops, shop_fountains
D:3:      layout_basic, vehumet_altar_wand_db, mainiacjoe_overflow_big_doors,
          grunt_ministairs_6, uniq_jessica
D:4:      layout_cave_pools, serial_shops, shop
D:5:      layout_loops_cross
D:6:      layout_loops_cross, nicolae_yredelemnul_corpse_copse,
          minmay_temple_entry_ruins, ebering_ghost_inner_flame,
          cheibrodos_sewer_entry_drain, nicolae_specific_store,
          nicolae_evil_shop, uniq_maggie, uniq_grinder, uniq_crazy_yiuf_cottage
D:7:      layout_layer_cave, enter_bailey_5, minmay_misc_feat_square,
          uniq_duvessa, uniq_prince_ribbit1, uniq_menkaure
D:8:      layout_layer_cave, uniq_pikel, uniq_harold, uniq_erica, uniq_maurice
Temple:   nicolae_temple_x_marks_the_god

Skill      XL: |  1  2  3  4  5  6  7  8  9 10 |
---------------+-------------------------------+-----
Fighting       | 4 5 6 7 8 |  8.7
Armour         | 4 5 6 7 9 11 12 | 12.9
Shields        | 4 5 6 7 |  7.7
Long Blades    | 3 5 6 8 10 11 | 11.1
Dodging        | 1 |  1.8
Evocations     | 1 |  1.2
Throwing       | |  0.1
Stealth        | |  0.8

Action                   |  1- 3 |  4- 6 |  7- 9 | 10-12 || total
-------------------------+-------+-------+-------+-------++-------
Melee: Long sword        |    96 |    69 |       |       ||   165
       Headbutt          |    14 |    22 |    32 |    57 ||   125
       Falchion          |       |    50 |   260 |   220 ||   530
Throw: Throwing net      |       |       |     1 |       ||     1
Evoke: Wand              |       |     1 |    10 |       ||    11
  Use: Scroll            |     5 |       |     5 |     3 ||    13
       Potion            |       |       |     4 |     1 ||     5
Armor: Scale mail        |    21 |       |       |       ||    21
       Chain mail        |    45 |    31 |       |       ||    76
       Plate armour      |       |    54 |   115 |    84 ||   253
Dodge: Dodged            |    43 |    30 |    91 |    61 ||   225
Block: Buckler           |    30 |    28 |    62 |    29 ||   149
       Kite shield       |       |       |       |    46 ||    46
